 Dungeon Crawl Stone Soup version 0.32-a0-20-ge526923d97 (console) character file.

Game seed: 2347192010834677502

3997 jejorda2 the Cleaver (level 10, -1/82 HPs)
             Began as a Gnoll Berserker on Jan 17, 2024.
             Was an Elder of Trog.
             Slain by a yak (10 damage)
             ... on level 9 of the Dungeon.
             The game lasted 00:20:51 (8279 turns).

jejorda2 the Cleaver (Gnoll Berserker)              Turns: 8279, Time: 00:20:51

Health: -1/82      AC: 15    Str: 20    XL:     10   Next: 23%
Magic:  17/17      EV: 10    Int:  7    God:    Trog [****..]
Gold:   184        SH:  0    Dex: 12    Spells: 19/19 levels left

rFire   + . .        b - +1 quarterstaff (spect)
rCold   . . .        (shield currently unavailable)
rNeg    . . .        n - +2 chain mail {rF+}
rPois   .            (no helmet)
rElec   .            d - +0 cloak
rCorr   .            (no gloves)
SInv    +            D - +0 pair of boots
Will    +....        (no amulet) Stlth
                     k - ring of see invisible
HPRegen 0.33/turn    C - ring of willpower
MPRegen 0.15/turn

%: no passive effects
@: on berserk cooldown, slowed, very slow
A: fangs 1, strong nose, distributed training
a: Renounce Religion, Berserk, Trog's Hand, Brothers in Arms


You were on level 9 of the Dungeon.
You worshipped Trog.
Trog was greatly pleased with you.
You visited 1 branch of the dungeon, and saw 9 of its levels.

You collected 500 gold pieces.
You spent 316 gold pieces at shops.

Inventory:

Hand Weapons
 a - a +1 vampiric war axe
 b - a +1 spectral quarterstaff (weapon)
 w - a +1 morningstar of protection
Missiles
 h - a throwing net (quivered)
 u - 6 poisoned darts
 A - 2 boomerangs
Armour
 d - a +0 cloak (worn)
 n - a +2 chain mail of fire resistance (worn)
 v - a +2 ring mail of cold resistance
 D - a +0 pair of boots (worn)
Jewellery
 k - a ring of see invisible (left hand)
 C - a ring of willpower (right hand)
 H - a ring of protection from fire
Wands
 e - a wand of digging (4)
 l - a wand of flame (31)
 m - a wand of paralysis (5)
 p - a wand of roots (8)
 r - a wand of acid (12)
 E - a wand of mindburst (20)
Scrolls
 i - 2 scrolls of brand weapon
 s - 3 scrolls of blinking
 t - 2 scrolls of revelation
 x - 5 scrolls of teleportation
 y - a scroll of butterflies
Potions
 c - a potion of curing
 f - 4 potions of haste
 g - 2 potions of ambrosia
 j - a potion of magic {unknown}
 o - 2 potions of lignification
 q - 2 potions of heal wounds
 z - 2 potions of invisibility
 B - a potion of degeneration {unknown}
 F - a potion of cancellation {unknown}
 G - a potion of berserk rage {unknown}
 I - 2 potions of might
 J - a potion of attraction {unknown}


   Skills:
 + Level 8.5 Fighting
 + Level 5.2 Short Blades
 + Level 5.2 Long Blades
 + Level 8.5 Axes
 + Level 5.2 Maces & Flails
 + Level 5.2 Polearms
 + Level 5.2 Staves
 + Level 5.2 Ranged Weapons
 + Level 5.2 Throwing
 + Level 7.1 Armour
 + Level 7.1 Dodging
 + Level 5.2 Stealth
 + Level 5.2 Shields
 + Level 5.2 Unarmed Combat
 + Level 5.2 Spellcasting
 + Level 4.3 Conjurations
 + Level 4.3 Hexes
 + Level 4.3 Summonings
 + Level 4.3 Necromancy
 + Level 4.3 Translocations
 + Level 4.3 Fire Magic
 + Level 4.3 Ice Magic
 + Level 4.3 Air Magic
 + Level 4.3 Earth Magic
 + Level 4.3 Alchemy
 + Level 5.8 Invocations
 + Level 5.2 Evocations
 + Level 4.8 Shapeshifting


You had 19 spell levels left.
You didn't know any spells.
Your spell library was empty.

Dungeon Overview and Level Annotations

Branches:
Dungeon (9/15)             Temple (0/1) D:4
   Lair: D:8-11         Orc: D:9-12

Altars:
Ashenzari
Cheibriados
Dithmenos
Hepliaklqana
Kikubaaqudgha
Makhleb
Nemelex Xobeh
Okawaru
Xom
Yredelemnul
Zin

Shops:
D:4 !*??   D:5 (   D:7 *

Annotations:
D:8 6 runed translucent doors


Innate Abilities, Weirdness & Mutations

You have very sharp teeth.
Your uncanny sense of smell can sniff out nearby items.
Your experience applies equally to all skills.


Message History

The yak is almost dead.
You feel yourself speed up.
You hear a bellow!
The hornet stings you but does no damage.
The yak gores you but does no damage. x2; The yak completely misses you.
The yak gores you but does no damage. The hornet closely misses you.
You hit the yak.
You kill the yak!
Trog accepts your kill. The yak gores you but does no damage.
The yak misses you. The yak barely misses you. The yak closely misses you.
The hornet stings you!
You feel yourself slow down.
You hit the yak. Your bite misses the yak.
The yak is lightly wounded.
The hornet stings you!
You suddenly lose the ability to move!
The yak gores you. The yak gores you but does no damage. The yak gores you!
The yak gores you. The yak gores you but does no damage.
The hornet completely misses you. The yak gores you but does no damage.
The yak gores you. The yak gores you but does no damage. The yak gores you!
The yak gores you but does no damage. The hornet stings you!
You feel as though you will be slow longer.
The hornet stings you.
You feel as though you will be slow longer.
A yak comes into view.
The yak gores you!
* * * LOW HITPOINT WARNING * * *
The yak gores you but does no damage. x2; The yak barely misses you.
The yak gores you but does no damage.
You can move again.
Unknown command.
You are no longer berserk.
You are exhausted.
You feel as though you will be slow longer.
The hornet stings you but does no damage.
The yak gores you.
* * * LOW HITPOINT WARNING * * *
The yak gores you!
* * * LOW HITPOINT WARNING * * *
The yak gores you!
You die...

.........
Y......
......
....# ## ∆
Y...##...
#c.......
#yY......
#@Y......
#YYY......
#.........
#.........
.....#..##
......##...
....... .#.
......... .


You could see 7 yaks, a hornet and a centaur.

Vanquished Creatures
  Pikel (D:5)
  Grinder (D:3)
  Prince Ribbit (D:8)
  A wraith (D:5)
  A wyvern (D:7)
  A yak (D:9)
  2 steam dragons (D:8)
  Menkaure (D:5)
  2 water moccasins
  A sky beast (D:7)
  2 orc warriors (D:8)
  2 ice beasts
  A black bear (D:4)
  An ogre (D:6)
  2 bullfrogs
  A scorpion (D:5)
  5 wights
  A howler monkey (D:5)
  5 orc priests
  2 bombardier beetles
  3 hounds
  A jelly (D:4)
  6 iguanas
  Ijyb (D:3)
  Natasha (thrice) (D:2)
  Terence (D:2)
  8 orc wizards
  6 gnolls
  10 adders
  3 shadow imps (D:3)
  3 white imps
  4 dart slugs
  2 ribbon worms (D:2)
  21 orcs
  7 ball pythons
  3 bats
  12 endoplasms
  3 giant cockroaches
  5 goblins
  6 hobgoblins
  3 kobolds
  7 quokkas
  7 frilled lizards
  5 rats
164 creatures vanquished.

Vanquished Creatures (others)
  An angel (D:3)
  An orc (D:8)
2 creatures vanquished.

Grand Total: 166 creatures vanquished

Notes
Turn   | Place    | Note
-------+----------+-------------------------------------------
     0 | D:1      | jejorda2 the Gnoll Berserker began the quest for the Orb.
     0 | D:1      | Reached XP level 1. HP: 23/23 MP: 1/1
    89 | D:1      | Reached XP level 2. HP: 29/29 MP: 2/2
   374 | D:1      | Reached XP level 3. HP: 33/35 MP: 3/3
   395 | D:1      | Reached ** piety under Trog
   521 | D:1      | Reached skill level 1 in Invocations
   886 | D:2      | Reached skill level 1 in Short Blades
   886 | D:2      | Reached skill level 1 in Long Blades
   886 | D:2      | Reached skill level 1 in Maces & Flails
   886 | D:2      | Reached skill level 1 in Polearms
   886 | D:2      | Reached skill level 1 in Staves
   886 | D:2      | Reached skill level 1 in Ranged Weapons
   886 | D:2      | Reached skill level 1 in Throwing
   886 | D:2      | Reached skill level 1 in Stealth
   886 | D:2      | Reached skill level 1 in Shields
   886 | D:2      | Reached skill level 1 in Unarmed Combat
   886 | D:2      | Reached skill level 1 in Spellcasting
   886 | D:2      | Reached skill level 1 in Evocations
  1011 | D:2      | Reached skill level 1 in Shapeshifting
  1011 | D:2      | Reached XP level 4. HP: 41/41 MP: 5/5
  1096 | D:2      | Noticed Natasha
  1108 | D:2      | Killed Natasha
  1109 | D:2      | Reached skill level 1 in Conjurations
  1109 | D:2      | Reached skill level 1 in Hexes
  1109 | D:2      | Reached skill level 1 in Summonings
  1109 | D:2      | Reached skill level 1 in Necromancy
  1109 | D:2      | Reached skill level 1 in Translocations
  1109 | D:2      | Reached skill level 1 in Fire Magic
  1109 | D:2      | Reached skill level 1 in Ice Magic
  1109 | D:2      | Reached skill level 1 in Air Magic
  1109 | D:2      | Reached skill level 1 in Earth Magic
  1109 | D:2      | Reached skill level 1 in Alchemy
  1559 | D:2      | Noticed Natasha
  1569 | D:2      | Killed Natasha
  1570 | D:2      | Reached XP level 5. HP: 47/47 MP: 5/7
  2010 | D:2      | Noticed Natasha
  2024 | D:2      | Killed Natasha
  2155 | D:3      | Noticed Ijyb
  2164 | D:3      | Killed Ijyb
  2304 | D:3      | Noticed Grinder
  2309 | D:3      | Killed Grinder
  2310 | D:3      | Reached skill level 5 in Armour
  2310 | D:3      | Reached skill level 5 in Dodging
  2310 | D:3      | Reached XP level 6. HP: 53/53 MP: 7/9
  2313 | D:3      | Noticed Terence
  2357 | D:2      | Killed Terence
  2471 | D:3      | Found a transporter.
  2473 | D:3      | Found a transporter.
  2491 | D:3      | Found a shimmering altar of Xom.
  2491 | D:3      | Noticed an angel
  2495 | D:3      | Found a glowing silver altar of Zin.
  2538 | D:3      | Found an ancient bone altar of Kikubaaqudgha.
  2640 | D:3      | Found an iron altar of Okawaru.
  2730 | D:3      | Found a faded altar of an unknown god.
  2799 | D:3      | Killed an angel
  2874 | D:3      | Reached XP level 7. HP: 56/60 MP: 10/10
  3183 | D:4      | Found Yrrejuge's Magic Scroll Emporium.
  3186 | D:4      | Bought a scroll of blinking for 75 gold pieces
  3186 | D:4      | Bought a scroll of revelation for 75 gold pieces
  3275 | D:4      | Reached *** piety under Trog
  3419 | D:4      | Found Zycloin's General Store.
  3420 | D:4      | Found a staircase to the Ecumenical Temple.
  3430 | D:4      | Found Yluesi's Magic Scroll Shoppe.
  3448 | D:4      | Bought a scroll of teleportation for 33 gold pieces
  3482 | D:4      | Reached XP level 8. HP: 67/67 MP: 12/12
  3627 | D:4      | Found Gierumall's Distillery.
  3809 | D:5      | Entered Level 5 of the Dungeon
  3826 | D:5      | Noticed Pikel
  3848 | D:5      | Killed Pikel
  3924 | D:5      | Noticed a wraith
  3934 | D:5      | Killed a wraith
  3999 | D:5      | Reached XP level 9. HP: 67/73 MP: 14/14
  4027 | D:5      | Noticed Menkaure
  4149 | D:5      | Killed Menkaure
  4450 | D:5      | Found Vosak's Weapon Emporium.
  4832 | D:5      | Bought a +0 war axe for 42 gold pieces
  5161 | D:6      | Found a sparkling altar of Nemelex Xobeh.
  5169 | D:6      | Found a shadowy altar of Dithmenos.
  5172 | D:6      | Found a basalt altar of Yredelemnul.
  5172 | D:6      | Found a burning altar of Makhleb.
  5179 | D:6      | Found a broken altar of Ashenzari.
  5785 | D:4      | Bought a potion of might for 52 gold pieces
  6068 | D:7      | Found Heov's Gadget Gallery.
  6191 | D:7      | Reached skill level 5 in Invocations
  6252 | D:4      | Bought a potion of curing for 39 gold pieces
  7301 | D:8      | Reached skill level 5 in Short Blades
  7301 | D:8      | Reached skill level 5 in Long Blades
  7301 | D:8      | Reached skill level 5 in Maces & Flails
  7301 | D:8      | Reached skill level 5 in Polearms
  7301 | D:8      | Reached skill level 5 in Staves
  7301 | D:8      | Reached skill level 5 in Ranged Weapons
  7301 | D:8      | Reached skill level 5 in Throwing
  7301 | D:8      | Reached skill level 5 in Stealth
  7301 | D:8      | Reached skill level 5 in Shields
  7301 | D:8      | Reached skill level 5 in Unarmed Combat
  7301 | D:8      | Reached skill level 5 in Spellcasting
  7301 | D:8      | Reached skill level 5 in Evocations
  7301 | D:8      | Reached XP level 10. HP: 78/81 MP: 17/17
  7453 | D:8      | Noticed Prince Ribbit
  7460 | D:8      | Killed Prince Ribbit
  7553 | D:8      | Found a hazy altar of Hepliaklqana.
  7676 | D:8      | Found a snail-covered altar of Cheibriados.
  7833 | D:8      | Found a runed translucent door.
  7914 | D:8      | Found a huge runed translucent gate.
  7914 | D:8      | Found a huge runed translucent gate.
  7914 | D:8      | Found a huge runed translucent gate.
  7933 | D:8      | Reached **** piety under Trog
  8191 | D:8      | Found a runed translucent door.
  8191 | D:8      | Found a huge runed translucent gate.
  8192 | D:8      | Found a huge runed translucent gate.
  8276 | D:9      | Paralysed by a hornet for 3 turns
  8279 | D:9      | Slain by a yak

Illustrated notes

Levels and vault maps discovered:
D:1:      onia_arrival_handbag, layout_loops_ring
D:2:      kb_forest_paths, layout_basic, guppyfry_early_lair_pool, uniq_natasha
D:3:      gammafunk_wand_slinger, layout_rooms,
          grunt_temple_overflow_order_and_chaos_1,
          mainiacjoe_overflow_six_doors_small, old_standard_altar,
          shapermc_ecumenical_altar_mp_highgroup, uniq_grinder, uniq_ijyb,
          uniq_terence
D:4:      layout_cave_pools, temple_statues, serial_shops, shop,
          nicolae_shop_rolled_up, nicolae_shop_tiny_glass,
          nicolae_shop_competitors_out_of_business, minmay_manual_maat
D:5:      layout_cave_pools, serial_shops, nicolae_shop_bloodbath_and_beyond,
          cheibrodos_gnoll_hut, uniq_pikel, uniq_menkaure
D:6:      layout_basic, nicolae_overflow_hallway_of_the_gods
D:7:      layout_loops_corners, nicolae_shop_gadgets
D:8:      nicolae_hitomezashi [nicolae_hito_row, nicolae_hito_row,
          nicolae_hito_row, nicolae_hito_row, nicolae_hito_row,
          nicolae_hito_row, nicolae_hito_row, nicolae_hito_row,
          nicolae_hito_row, nicolae_hito_row, nicolae_hito_row,
          nicolae_hito_row, nicolae_hito_row, nicolae_hito_row,
          nicolae_hito_row, nicolae_hito_row, nicolae_hito_row,
          nicolae_hito_row], layout_basic, general_overflow_altar,
          chei_slow_surprise, lightli_church_of_beogh, uniq_prince_ribbit1
D:9:      layout_cave_pools, grunt_decor_junction, kennysheep_minor_cross

Skill      XL: |  1  2  3  4  5  6  7  8  9 10 |
---------------+-------------------------------+-----
Invocations    | 1 2 3 4 5 |  5.8
Short Blades   | 1 2 3 5 |  5.2
Long Blades    | 1 2 3 5 |  5.2
Maces & Flails | 1 2 3 5 |  5.2
Polearms       | 1 2 3 5 |  5.2
Staves         | 1 2 3 5 |  5.2
Ranged Weapons | 1 2 3 5 |  5.2
Throwing       | 1 2 3 5 |  5.2
Stealth        | 1 2 3 5 |  5.2
Shields        | 1 2 3 5 |  5.2
Unarmed Combat | 1 2 3 5 |  5.2
Spellcasting   | 1 2 3 5 |  5.2
Evocations     | 1 2 3 5 |  5.2
Shapeshifting  | 1 2 3 4 |  4.8
Conjurations   | 1 2 3 4 |  4.3
Hexes          | 1 2 3 4 |  4.3
Summonings     | 1 2 3 4 |  4.3
Necromancy     | 1 2 3 4 |  4.3
Translocations | 1 2 3 4 |  4.3
Fire Magic     | 1 2 3 4 |  4.3
Ice Magic      | 1 2 3 4 |  4.3
Air Magic      | 1 2 3 4 |  4.3
Earth Magic    | 1 2 3 4 |  4.3
Alchemy        | 1 2 3 4 |  4.3
Armour         | 5 6 7 |  7.1
Dodging        | 5 6 7 |  7.1
Fighting       | 7 8 |  8.5
Axes           | 7 8 |  8.5

Action                     |  1- 3 |  4- 6 |  7- 9 | 10-12 || total
---------------------------+-------+-------+-------+-------++-------
  Melee: Hand axe          |   120 |    70 |    11 |       ||   201
         Bite              |    10 |     6 |    36 |     9 ||    61
         Punch             |     2 |     1 |     9 |       ||    12
         Morningstar       |       |    30 |   277 |       ||   307
         Quarterstaff      |       |       |    28 |    63 ||    91
 Invoke: Berserk           |     1 |     3 |     7 |     1 ||    12
         Trog's Hand       |       |     2 |     1 |       ||     3
  Evoke: Wand              |       |     2 |     2 |       ||     4
    Use: Scroll            |       |       |    12 |       ||    12
   Stab: Sleeping          |     2 |     1 |       |       ||     3
         Distracted        |       |       |       |     1 ||     1
 Armour: Animal skin       |    43 |    32 |       |       ||    75
         Leather armour    |       |     9 |       |       ||     9
         Chain mail        |       |    17 |   310 |    82 ||   409
  Dodge: Dodged            |    61 |    67 |   169 |    45 ||   342

Table legend: (Time is in decaauts)
 A = Elapsed time spent in this place.
 B = Non-inter-level travel time spent in this place.
 C = Inter-level travel time spent in this place.
 D = Time resting spent in this place.
 E = Time spent auto-exploring this place.
 F = Levels seen in this place.
 G = Mean time per level.
                   A        B        C        D        E       F      G
               +--------+--------+--------+--------+--------+-----+--------+
         Total |   8500 |   7907 |    593 |    657 |   5660 |   9 |  944.4 |
       Dungeon |   8500 |   7907 |    593 |    657 |   5660 |   9 |  944.4 |
               +--------+--------+--------+--------+--------+-----+--------+

Top non-repeatable levels by time:
     D:2: 1577 daAuts
     D:6: 1229 daAuts
     D:4: 1140 daAuts
     D:8: 1096 daAuts
     D:7: 1053 daAuts
     D:5: 1002 daAuts
     D:1: 739 daAuts
     D:3: 651 daAuts
     D:9: 9 daAuts
